 Dungeon Crawl Stone Soup version 0.28-a0-792-g75f770b44e (webtiles) character file.

Game seed: 1924423579410104871

110 Lemonice the Sneak (level 4, -1/28 HPs)
             Began as an Octopode Earth Elementalist on Nov 3, 2021.
             Slain by an orc (8 damage)
             ... on level 3 of the Dungeon.
             The game lasted 00:04:53 (3965 turns).

Lemonice the Sneak (Octopode Earth Elementalist)    Turns: 3965, Time: 00:04:53

Health: -1/28      AC:  1    Str:  8    XL:     4   Next: 91%
Magic:  7/7        EV: 13    Int: 17    God:
Gold:   39         SH:  0    Dex: 12    Spells: 4/8 levels left

rFire   . . .      SeeInvis .   d - +0 dagger
rCold   . . .      Faith    .   (no shield)
rNeg    . . .      Spirit   .   (helmet restricted)
rPois   .          Reflect  .   k - amulet of magic regeneration
rElec   .          Harm     .   (no ring)
rCorr   .          Rampage  .   (no ring)
Will    .....                   (no ring)
Stlth   +++.......              (no ring)
HPRegen 0.09/turn               (no ring)
MPRegen 0.35/turn               (no ring)
                                (no ring)
                                (no ring)

@: no status effects
A: almost no armour, amphibious, 8 rings, camouflage 1, gelatinous body 1,
(nimble swimmer 1), tentacles
a: no special abilities


You were on level 3 of the Dungeon.
You visited 1 branch of the dungeon, and saw 4 of its levels.

You collected 144 gold pieces.
You spent 105 gold pieces at shops.

Inventory:

Hand Weapons
 d - a +0 dagger (weapon)
Missiles
 b - 63 stones
Jewellery
 k - an amulet of magic regeneration (around mantle)
Scrolls
 e - 2 scrolls of teleportation
 h - a scroll of torment
 i - a scroll of identify
 m - 2 scrolls of magic mapping
 n - a scroll of fog
Potions
 a - 2 potions of might {unknown}
 c - a potion of haste {unknown}
 f - a potion of ambrosia {unknown}
 g - 2 potions of degeneration {unknown}
 j - a potion of brilliance {unknown}
 l - a potion of resistance


   Skills:
 + Level 1.4 Fighting
 + Level 1.3 Short Blades
 + Level 2.7 Dodging
 + Level 3.7 Stealth
 + Level 2.5 Spellcasting
 - Level 1.0 Transmutations
 + Level 3.5 Earth Magic


You had 4 spell levels left.
You knew the following spells:

 Your Spells              Type           Power      Damage    Failure   Level
a - Sandblast             Erth           28%        2d8       4%          1
b - Stone Arrow           Conj/Erth      16%        3d8       26%         3

Your spell library contained the following spells:

 Spells                   Type           Power      Damage    Failure   Level
 Passwall                 Tmut/Erth      7%         N/A       11%         2
 Animate Skeleton         Necr           4%         N/A       19%         1
 Apportation              Tloc           4%         N/A       19%         1
 Summon Small Mammal      Summ           8%         N/A       19%         1
 Petrify                  Tmut/Erth      9%         N/A       58%         4


Dungeon Overview and Level Annotations

Branches:
Dungeon (4/15)
 Temple: D:4-7

Altars:

Shops:
D:3 ?

Annotations:
D:2 Sigmund


Innate Abilities, Weirdness & Mutations

You cannot wear most types of armour.
You are amphibious.
You can wear up to eight rings at the same time.
Your skin changes colour to match your surroundings (Stealth+).
Your rubbery body absorbs attacks. (AC +1, EV +1)
((You are camouflaged near water. (Stealth+)))
You have tentacles for arms and can constrict up to eight enemies at once.


Message History

You constrict the hobgoblin. The hobgoblin hits you.
You hit the hobgoblin.
The hobgoblin is heavily wounded.
You constrict the hobgoblin. The hobgoblin closely misses you.
You hit the hobgoblin.
The hobgoblin is almost dead.
You constrict the hobgoblin.
You kill the hobgoblin!
You see here 20 stones.
There is an open door here.
You barely miss the orc.
The orc shouts!
Your grab misses the orc.
You hear a shout!
The orc hits you with a +0 mace.
You hit the orc but do no damage. Your grab misses the orc.
Your squeeze misses the orc. The orc hits you with a +0 mace.
You barely miss the orc. You grab the orc. You constrict the orc.
The orc hits you with a +0 mace.
An orc opens the door.
The orc shouts!
You hit the orc but do no damage. Your squeeze misses the orc.
The orc is lightly wounded.
You constrict the orc. The orc hits you with a +0 mace.
You hit the orc but do no damage.
The orc is moderately wounded.
You constrict the orc. The orc hits you with a +0 mace!
* * * LOW HITPOINT WARNING * * *
You release your grip on the orc.
You see here 20 stones.
The orc priest looks braver for a moment.
There is a stone staircase leading up here.
The orc barely misses you.
You climb upwards.
There is a stone staircase leading down here.
You see here a +0 leather armour.
You hit the orc but do no damage. Your grab misses the orc.
The orc is moderately wounded.
The orc completely misses you. The orc hits you with a +0 mace!
You die...

#....∩........##.#####.#......# #
.....)#######.##.#.....#.##.#.###
..##..##....#.##.#.###....#.#....
..##...#.##.#.##.#...#.#..#.#####
.....#......#.##.#...#.#..#.)...#
.....###.####.##.#.....#......#.#
####.# #.# #.##.#..#..##.###.#.#
.....###.####.##.#............#.#
...............o@..>#..##.#####..
.......#.####.##................#
######.#.# #.####...............
######.#.# #.# #..##...###...##
.........# #.####.###.#.#.#.#.##
#....#.######.#....###...#.#...##
.....'........#.#.....###÷.)###..
#....#.########.#...#.#.#.#÷#.#.#
#....#..........#.....##.#.#.##..


You could see an orc.

Vanquished Creatures
  A hound skeleton (D:3)
  An adder (D:3)
  A white imp (D:3)
  5 dart slugs
  A worm (D:2)
  2 orcs (D:3)
  3 bats
  2 endoplasms
  7 giant cockroaches
  8 goblins
  8 hobgoblins
  4 jackals (D:2)
  4 kobolds
  2 quokkas
  4 ball pythons
  2 frilled lizards
  4 rats
59 creatures vanquished.

Notes
Turn   | Place    | Note
-------+----------+-------------------------------------------
     0 | D:1      | Lemonice the Octopode Earth Elementalist began the quest
                  | for the Orb.
     0 | D:1      | Reached XP level 1. HP: 11/11 MP: 3/3
   588 | D:1      | Reached XP level 2. HP: 8/18 MP: 5/5
  1337 | D:1      | Found a faded altar of an unknown god.
  1527 | D:1      | Reached XP level 3. HP: 17/22 MP: 6/6
  1955 | D:2      | Reached skill level 1 in Fighting
  2441 | D:2      | Noticed Sigmund
  2548 | D:3      | Reached skill level 1 in Short Blades
  2548 | D:3      | Reached XP level 4. HP: 20/28 MP: 7/7
  2865 | D:3      | Learned a level 3 spell: Stone Arrow
  3059 | D:3      | Found Mysoo's Magic Scroll Shop.
  3070 | D:3      | Bought a scroll of magic mapping for 35 gold pieces
  3070 | D:3      | Bought a scroll of fog for 20 gold pieces
  3070 | D:3      | Bought a scroll of identify for 20 gold pieces
  3070 | D:3      | Bought a scroll of teleportation for 30 gold pieces
  3965 | D:3      | Slain by an orc

Illustrated notes

Levels and vault maps discovered:
D:1:      giann_forest_graveyard, layout_loops_ring,
          shapermc_ecumenical_altar_ellora, grunt_decor_mini_mirrors,
          minmay_misc_feat_tiny
D:2:      layout_loops_cross, st_stairs_14, uniq_sigmund
D:3:      layout_basic, serial_shops, nicolae_square_shop, minmay_starry_boxes
D:4:      layout_basic, uniq_blork_the_orc, uniq_grinder

Skill      XL: |  1  2  3 |
---------------+----------+-----
Stealth        | 3 |  3.7
Fighting       | 1 |  1.4
Short Blades   | 1 |  1.3
Dodging        | |  2.7
Spellcasting   | |  2.5
Transmutations | |  1.0
Earth Magic    | |  3.5

Action                   |  1- 3 |  4- 6 || total
-------------------------+-------+-------++-------
Melee: Unarmed           |    19 |       ||    19
       Constrict         |    28 |    14 ||    42
       Tentacles         |    22 |    12 ||    34
       Dagger            |    90 |    59 ||   149
  Use: Scroll            |       |     2 ||     2
 Stab: Sleeping          |    14 |     5 ||    19
Armor: Skin              |     4 |       ||     4
Dodge: Dodged            |    69 |    27 ||    96

Table legend: (Time is in decaauts)
 A = Elapsed time spent in this place.
 B = Non-inter-level travel time spent in this place.
 C = Inter-level travel time spent in this place.
 D = Time resting spent in this place.
 E = Time spent auto-exploring this place.
 F = Levels seen in this place.
 G = Mean time per level.
                   A        B        C        D        E       F      G
               +--------+--------+--------+--------+--------+-----+--------+
         Total |   3960 |   3892 |     68 |      0 |   3335 |   4 |  990.0 |
       Dungeon |   3960 |   3892 |     68 |      0 |   3335 |   4 |  990.0 |
               +--------+--------+--------+--------+--------+-----+--------+

Top non-repeatable levels by time:
     D:1: 1691 daAuts
     D:3: 1397 daAuts
     D:2: 796 daAuts
     D:4: 75 daAuts
